cohdb
Replays
Latest Replays
All Replays
Popular Replays
Top Player Replays
Match Explorer
How It Works
Community
CoH3 Stats
Reddit
Sign in to upload your games and track your stats! →
Sign in with Steam
Match 44612038
Unlisted
Match 44612038
Overview
Messages
Build Orders
End
Pioneer Squad
Construct Infanterie Kompanie
Selects Breakthrough Battlegroup
Selects Assault Grenadiers
Grenadier Squad
Grenadier Squad
Grenadier Squad
Construct Luftwaffe Kompanie
Selects Rapid Production
221 Scout Car
Infanterie Officer Quarters
Jäger Squad
Luftwaffe Officer Quarters
Jäger Squad
咚咚锵个腿
Maximus Jenius
0
0
Comments
sign in to comment!
No comments posted yet!